[Event "MCR rapid mládeže 2023 U16"]
[Site "Harachov, Czech Republic"]
[Date "2023.09.09"]
[Round "5.4"]
[White "Babula, Matej"]
[Black "Krajicek, Matej"]
[Result "0-1"]
[TimeControl "20min+5s/move"]
[WhiteElo "1865"]
[BlackElo "1565"]

1. e4 c6 2. d4 d5 3. e5 g6 4.
Nf3 Bg4 5. h3 Bxf3 6. Qxf3 e6 7. Bd3 Bg7 8. c3 Ne7 9. Bg5 Nd7 10. Nd2 O-O 11. O-O Re8 12. h4 h6 13. Bxe7 Qxe7 14.
h5 Qg5 15. hxg6 fxg6 16. Rad1 Nf8 17. Qh3 Qe7 18. Nf3 g5 19. Nh2 Qf7 20. f4 gxf4 21. Qg4 h5 22. Qg5 Nh7 23. Qxf4 Qxf4 24.
Rxf4 Rf8 25. Rdf1 Rxf4 26. Rxf4 Rf8 27. Rxf8+ Nxf8 28. Kf2 Kf7 29. Nf3 Bh6 30. Ke2 Bf4 31. Nh4 Bc1 32. b3 Bg5 33.
Nf3 Bf4 34. Nh4 Bg5 35. Nf3 Bf4 36. Kf2 Bc1 37. g3 Bb2 38. c4 Bc1 39. c5 Kg7 40. b4 a6 41. a4 Ba3 42. b5 axb5 43.
axb5 Ng6 44. bxc6 bxc6 45. Ba6 Ne7 46. Ng5 Bb2 47. Nxe6+ Kf7 48.
Ng5+ Kg6 49. Nf3 Kf5 50. Bd3+ Kg4 51.
e6 Bc3 52. Bc2 Bb2 53. Bb1 Bc3 54. Bh7 Bb2 55. Ne5+ Kg5 56. Ke3 Kf6 57. Bc2 Kxe6 58. Ba4 Bxd4+ 59. Kxd4 Nf5+ 60. Kd3 Kxe5 61. Bxc6 Nxg3 62. Ke3 Ne4 63.
Be8 h4 64. c6 Kd6 65. Kd4 Nf6 66. Bf7 h3 67. c7 Kxc7 68. Kc5 h2 0-1

[Event "MCR rapid mládeže 2023 U16"]
[Site "Harachov, Czech Republic"]
[Date "2023.09.09"]
[Round "5.5"]
[White "Vana, Jan"]
[Black "Hrbek, Jachym"]
[Result "1/2-1/2"]
[TimeControl "20min+5s/move"]
[WhiteElo "1681"]
[BlackElo "1769"]

1. e4 d5 2. exd5 c6 3. c4 cxd5 4. d4 Nf6 5. Nc3 e6 6. Nf3 Nc6 7. c5 Be7 8. Bd3 O-O 9. O-O Qc7 10. Re1 b6 11. Nb5 Qb8 12.
cxb6 Qxb6 13. Ne5 a6 14. Nxc6 Qxc6 15. Nc3 Rb8 16. Qe2 h6 17. Bf4 Bd6 18. Bxd6 Qxd6 19. Na4 Rb4 20. Nc5 Rxd4 21.
Rac1 Rh4 22. g3 Ng4 23. h3 Nxf2 24. gxh4 Qg3+ 25.
Kf1 e5 26. Qxf2 Bxh3+ 27. Ke2 Bg4+ 28.
Kf1 Bh3+ 29. Kg1 1/2-1/2

[Event "MCR rapid mládeže 2023 U16"]
[Site "Harachov, Czech Republic"]
[Date "2023.09.09"]
[Round "5.6"]
[White "Martirosyan, David"]
[Black "Andrle, Filip"]
[Result "1/2-1/2"]
[TimeControl "20min+5s/move"]
[WhiteElo "1861"]
[BlackElo "1649"]

1. d4 d5 2. c4 e6 3. Nc3 Nf6 4. cxd5 exd5 5. Bg5 Be7 6. e3 c6 7. Bd3 h6 8. Bh4 O-O 9. Qc2 Re8 10.
Nge2 Nbd7 11. O-O Ne4 12. Bxe7 Qxe7 13. Bxe4 dxe4 14. Rfd1 Nb6 15. d5 Nxd5 16. Nxd5 cxd5 17. Rxd5 Bd7 18.
Nd4 Rac8 19. Qd2 Rc7 20. h3 Rec8 21. Rd1 g6 22. b3 Qf6 23. a3 Bc6 24. Nxc6 Rxc6 25. Qd4 Qxd4 26. R1xd4 Rc3 27.
Rb5 R8c7 28. Rxe4 f5 29. Ree5 Kf7 30. a4 b6 31. Kh2 R7c6 32. Rb4 Kf6 33. Reb5 Rd6 34. Rd4 Rxd4 35. exd4 Rd3 36. a5 bxa5 37. Rxa5 Rxb3 38.
Rxa7 Rd3 39. Ra6+ Kf7 40. Rd6 h5 41. f3 g5 42. Rd5 Ke6 43. Re5+ Kf6 44. Rd5 Ke5 1/2-1/2

[Event "MCR rapid mládeže 2023 U16"]
[Site "Harachov, Czech Republic"]
[Date "2023.09.09"]
[Round "5.7"]
[White "Setina, Vaclav"]
[Black "Krautschneider, Daniel Jan"]
[Result "1-0"]
[TimeControl "20min+5s/move"]
[WhiteElo "1876"]
[BlackElo "1419"]

1. e4 c5 2. Nf3 Nc6 3. c3 d5 4. exd5 Qxd5 5.
d4 cxd4 6. cxd4 Bg4 7. Be2 e6 8. Nc3 Qd8 9. O-O Nf6 10.
h3 Bf5 11. Be3 Be7 12. Qb3 Qd7 13. Ne5 Qc8 14. Nxc6 bxc6 15. Bf3 O-O 16. Rac1 Rb8 17. Qa4 Rxb2 18. Nd1 Rb7 19. Bxc6 Rc7 20.
Bf4 Ba3 21. Bxc7 Bxc1 22. Bd6 Bd3 23. Re1 Bd2 24. Re5 Rd8 25. Be7 Nd7 26. Rh5 Nf6 27. Rc5 Nd7 28. Rh5 g6 29. Rh4 g5 30. Rg4 f5 31. Rg3 1-0

[Event "MCR rapid mládeže 2023 U16"]
[Site "Harachov, Czech Republic"]
[Date "2023.09.09"]
[Round "5.8"]
[White "Novotny, Dominik"]
[Black "Topencik, Bruno"]
[Result "1-0"]
[TimeControl "20min+5s/move"]
[WhiteElo "1707"]
[BlackElo "1451"]

1. e4 e6 2. Nf3 d5 3. Nc3 Nf6 4. e5 Nfd7 5. d4 c5 6. dxc5 Bxc5 7. Bd3 Nc6 8. Bf4 Qb6 9. O-O Qxb2 10.
Nb5 Rb8 11. a3 a6 12. Qd2 Ndxe5 13. Nxe5 Nxe5 14. Rfb1 Nf3+ 15. gxf3 Qf6 16. Bxb8 e5 17. Bxe5 Qxf3 18. Qe2 Qh3 19.
Bd6+ Be6 20. Bxc5 axb5 21. Bxb5+ Kd8 22. Qe5 h5 23. Qb8+ Bc8 24. Qd6+ Bd7 25. Qxd7+ 1-0

[Event "MCR rapid mládeže 2023 U16"]
[Site "Harachov, Czech Republic"]
[Date "2023.09.09"]
[Round "5.9"]
[White "Barteckova, Valerie"]
[Black "Mikesova, Lenka"]
[Result "1-0"]
[TimeControl "20min+5s/move"]
[WhiteElo "1498"]
[BlackElo "1410"]

1. d4 d5 2. Nf3 Nc6 3. Bf4 Bg4 4. e3 e6 5. c3 Bd6 6. Bg3 Nf6 7. Bd3 Ne4 8. Nbd2 Nxd2 9. Qxd2 Bxf3 10.
gxf3 e5 11. Bc2 exd4 12. exd4 Qe7+ 13. Qe3 O-O-O 14. O-O-O Rhe8 15. Rde1 Qd7 16. Qd3 h6 17. Qh7 Rh8 18. Qxg7 Rdg8 19.
Qf6 Be7 20. Qf5 Qxf5 21. Bxf5+ Kb8 22. Bd3 h5 23. Rhg1 Bg5+ 24. Kd1 f6 25. h4 Bh6 26. Bh2 Nd8 27. Rxg8 Rxg8 28. Re7 Nc6 29.
Bxc7+ Ka8 30. Rh7 Rg1+ 31. Ke2 Bg7 32. Bg3 Bf8 33. Rh8 1-0

[Event "MCR rapid mládeže 2023 U16"]
[Site "Harachov, Czech Republic"]
[Date "2023.09.09"]
[Round "5.10"]
[White "Buchtova, Viktorie"]
[Black "Horkova, Tereza"]
[Result "1/2-1/2"]
[TimeControl "20min+5s/move"]
[WhiteElo "1556"]
[BlackElo "1720"]

1. e4 c5 2. Nf3 e6 3. d4 cxd4 4. Nxd4 Nf6 5. Nc3 Nc6 6. Ndb5 Bb4 7. a3 Bxc3+ 8. Nxc3 d5 9. exd5 exd5 10. Bd3 O-O 11.
O-O d4 12. Ne2 Bg4 13. f3 Bh5 14. Nf4 Bg6 15. Nxg6 hxg6 16. Re1 Qb6 17. b4 Rfe8 18. Bb2 Rxe1+ 19. Qxe1 Rd8 20. Rd1 a6 21.
Qf2 Qc7 22. Bf1 Qe5 23. Qe2 Qg5 24. Qf2 Qe5 25. Qe2 Qg5 26. Qf2 Qe5 27. Qe2 Qg5 1/2-1/2

[Event "MCR rapid mládeže 2023 U16"]
[Site "Harachov, Czech Republic"]
[Date "2023.09.09"]
[Round "5.11"]
[White "Kubatova, Beta"]
[Black "Kammova, Katerina"]
[Result "0-1"]
[TimeControl "20min+5s/move"]
[WhiteElo "1376"]
[BlackElo "1393"]

1. d4 e6 2. c4 Nf6 3. Nc3 Bb4 4. Qc2 Nc6 5. Nf3 b6 6. Bg5 h6 7. Bh4 Bb7 8. e4 Be7 9. Be2 Nb4 10.
Qb1 d5 11. e5 Nd7 12. Bxe7 Qxe7 13. a3 Na6 14. cxd5 exd5 15. Bxa6 Bxa6 16. Nxd5 Qd8 17. b4 O-O 18. b5 Bb7 19.
Qb3 Nxe5 20. dxe5 Qxd5 21. Qxd5 Bxd5 22. Rc1 Rac8 23. O-O c5 24. bxc6 Bxc6 25. Nd4 Ba4 26. h3 g6 27. Rfe1 Rfd8 28.
Nf3 Re8 29. Rxc8 Rxc8 30. e6 fxe6 31. Rxe6 Kf7 32. Re3 Rc7 33. Ne5+ Kg7 34. Kh2 Rc5 35. Kg3 Rc7 36. Nf3 Kf6 37.
Nd4 Re7 38. Rc3 Rd7 39. Rc4 b5 40. Rb4 a5 41. Rxa4 bxa4 42. Nc6 Rd3+ 43. Kh2 Rxa3 44. Nxa5 Rc3 45. Nb7 Ke7 46. Na5 a3 0-1

[Event "MCR rapid mládeže 2023 U16"]
[Site "Harachov, Czech Republic"]
[Date "2023.09.09"]
[Round "5.12"]
[White "Nguyen, Nhat Minh Thu"]
[Black "Kaplanova, Dominika"]
[Result "1-0"]
[TimeControl "20min+5s/move"]
[WhiteElo "1405"]
[BlackElo "1461"]

1. e4 c6 2. d4 d5 3. exd5 cxd5 4.
Be3 Nc6 5. c4 Nf6 6. Nc3 e6 7. a3 Be7 8. Nf3 O-O 9. Be2 b6 10. O-O dxc4 11. Bxc4 Bb7 12. b4 Rc8 13. Qe2 Qc7 14.
Nd2 Rfd8 15. Rac1 Nxd4 16. Bxd4 Rxd4 17. Nb5 Qc6 18. f3 Rxc4 19. Rxc4 Qd7 20. Rxc8+ Bxc8 21. Rc1 Ba6 22. a4 Bxb4 23.
Ne4 Nxe4 24. fxe4 Bc5+ 25. Kh1 Kf8 26. Rd1 Bxb5 27. axb5 Qb7 28. Qd3 Ke7 29. Qd8# 1-0

[Event "MCR rapid mládeže 2023 U16"]
[Site "Harachov, Czech Republic"]
[Date "2023.09.09"]
[Round "5.13"]
[White "Slivova, Linda"]
[Black "Lackova, Ludmila"]
[Result "1-0"]
[TimeControl "20min+5s/move"]
[WhiteElo "1386"]
[BlackElo "1479"]

1. e4 e5 2. Nc3 Nc6 3. g3 Bc5 4. Bg2 d6 5. Nge2 Nf6 6. Na4 Bb6 7. Nxb6 axb6 8. d3 h6 9. O-O Be6 10.
f4 Bg4 11. h3 Bxe2 12. Qxe2 Nd4 13. Qf2 Qe7 14. c3 Nc6 15. Bd2 Nd7 16. fxe5 Ndxe5 17. d4 Nd7 18. Kh2 O-O 19. Qf5 Qe6 20.
Qf4 Nf6 21. d5 Qe5 22. dxc6 Qxf4 23. Bxf4 bxc6 24. Bxh6 Nxe4 25. Bxe4 gxh6 26. Bxc6 Ra5 27. a3 Rc5 28. Be4 Re8 29.
Bf3 Rb5 30. Rf2 Rbe5 31. Raf1 Kg7 32. c4 R8e7 33. Bd5 f5 34. Rxf5 Rxf5 35. Rxf5 Re2+ 36. Kg1 Rxb2 37. Rf2 Rb1+ 38.
Kg2 Ra1 39. Rf3 Ra2+ 40. Kf1 Ra1+ 41. Ke2 Rb1 42. Rd3 b5 43. cxb5 Rxb5 44. Bc4 Rc5 45. Rd4 Ra5 46. Rd3 Rc5 47. Bb3 Rh5 48. h4 Rb5 49. a4 Rb4 50.
a5 Rb5 51. a6 Ra5 52. Bc4 h5 53. Rd5 Ra3 54. Rd3 Ra4 55. Rc3 c6 56. Rc2 d5 57. Bd3 Ra5 58. Rxc6 Ra2+ 59. Rc2 Ra3 60.
Kd2 Kf6 61. Rc6+ Ke5 62. Rc7 Kd4 63. Bf1 Ra2+ 64. Ke1 Ra1+ 65. Kf2 Ra2+ 66. Kf3 Ke5 67. Re7+ Kd6 68. Rh7 Ra3+ 69. Kf4 Ra4+ 70.
Kg5 Rg4+ 71. Kxh5 Rxg3 72. a7 Ra3 73. Bh3 Kc6 74. Bd7+ Kb6 75. Be6 d4 76. Bd5 Rxa7 77. Rxa7 Kxa7 78.
Bc4 Kb6 79. Kg5 Kc5 80. Bf1 Kd6 81.
Kg6 Ke7 82. Kg7 Ke6 83. h5 Ke5 84. h6 Ke4 85. h7 d3 86. Bxd3+ Kxd3 87. h8=Q Kd4 88. Qh5 Ke4 89. Kf6 Kd4 90. Qe5+ Kc4 91.
Qd6 Kb5 92. Qc7 Ka6 93. Qb8 Ka5 94. Ke5 Ka4 95. Kd4 Ka3 96. Kc3 Ka2 97. Qb2# 1-0

[Event "MCR rapid mládeže 2023 U16"]
[Site "Harachov, Czech Republic"]
[Date "2023.09.09"]
[Round "5.14"]
[White "Bartova, Hana"]
[Black "Vaclavkova, Klara"]
[Result "1-0"]
[TimeControl "20min+5s/move"]
[WhiteElo "1389"]
[BlackElo "1092"]

1. e4 e5 2. Nf3 Nc6 3. Bc4 Nf6 4.
Ng5 Bc5 5. Nxf7 Bxf2+ 6. Kf1 Qe7 7. Nxh8 Nxe4 8. Qf3 d5 9. Bxd5 Nf6 10. Bxc6+ bxc6 11. Qxc6+ Kd8 12. Qxa8 Kd7 13. Qf3 Ba6+ 14.
d3 e4 15. Qe2 Qd6 16. Kxf2 Qc5+ 17. Be3 Qf5+ 18. Ke1 Qa5+ 19.
Nc3 exd3 20. cxd3 Nd5 21. Bd2 Nb4 22. Qg4+ Kc6 23. Qe4+ Kb6 24. Be3+ Qc5 25. Bxc5+ Kxc5 26. Qe5+ Kc6 27. Qd5+ Kb6 28. Qd4+ Ka5 29. Qxb4+ Kxb4 30. Kd2 c5 31. Rae1 Ka5 32. Re5 Kb6 33. Rhe1 Ka5 34. Re6 Bb7 35.
R1e5 Bxg2 36. a3 a6 37. Rxc5# 1-0

[Event "MCR rapid mládeže 2023 U16"]
[Site "Harachov, Czech Republic"]
[Date "2023.09.09"]
[Round "5.15"]
[White "Mik, Tomas"]
[Black "Bara, Jan"]
[Result "1-0"]
[TimeControl "20min+5s/move"]
[WhiteElo "1802"]
[BlackElo "1823"]

1. e4 c5 2. Nf3 d6 3. d4 cxd4 4.
Nxd4 Nf6 5. Nc3 g6 6. Be3 Bg7 7. f3 O-O 8. Bc4 Nc6 9. Qd2 Nxd4 10. Bxd4 Be6 11. Bxe6 fxe6 12. O-O-O Qa5 13.
Kb1 b5 14. h4 b4 15. Ne2 Qb5 16. g4 a5 17. h5 a4 18. hxg6 hxg6 19. Be3 b3 20. cxb3 axb3 21. a3 Kf7 22.
Nd4 Qb7 23. Bh6 Rg8 24. g5 Nh5 25. Bxg7 Rxg7 26. Qh2 e5 27. Ne2 Rc8 28. Qh3 Rc2 29. Nc3 Nf4 30. Qh8 Qa6 31. Rh7 Rxh7 32.
Qxh7+ Ke8 33. Qg8+ Kd7 34. Qxb3 Rh2 35. Nd5 Nxd5 36. Qxd5 Qb6 37. Rd2 Rh1+ 38. Ka2 Kc7 39. Rc2+ Kd7 40.
Qg8 Qb7 41. Qxg6 Rh8 42. Qf5+ Kd8 43. g6 Qd7 44. g7 Rg8 45. Qf7 Qe8 46. Qe6 1-0

[Event "MCR rapid mládeže 2023 U16"]
[Site "Harachov, Czech Republic"]
[Date "2023.09.09"]
[Round "5.16"]
[White "Frantsev, Iegor"]
[Black "Svadlenka, Michal"]
[Result "0-1"]
[TimeControl "20min+5s/move"]
[WhiteElo "1431"]
[BlackElo "1451"]

1. e4 c5 2. Nc3 d6 3. f4 Nc6 4. Nf3 g6 5. Bb5 Bg7 6. d3 Bd7 7. O-O e6 8. Qe1 Nge7 9. Qg3 a6 10. Bxc6 Bxc6 11. Nh4 O-O 12.
f5 exf5 13. exf5 Nd5 14. Nxd5 Bxd5 15. c4 Bc6 16. Bg5 f6 17. Bd2 g5 18. Nf3 Re8 19. Rfe1 Qd7 20. Bc3 Rad8 21. Nxg5 Qxf5 22.
Nh3 Qg6 23. Qxg6 hxg6 24. Rf1 Re2 25. Nf4 Rc2 26. Rac1 0-1

[Event "MCR rapid mládeže 2023 U16"]
[Site "Harachov, Czech Republic"]
[Date "2023.09.09"]
[Round "5.17"]
[White "Honcharov, Makar"]
[Black "Mydlar, Matej"]
[Result "1-0"]
[TimeControl "20min+5s/move"]
[WhiteElo "1593"]
[BlackElo "1711"]

1. e4 c5 2. Nf3 d6 3. d4 cxd4 4. Nxd4 Nf6 5. Nc3 Nc6 6.
Bg5 e6 7. Qd2 h6 8. Bxf6 Qxf6 9. Ndb5 Qd8 10. O-O-O a6 11. Nxd6+ Qxd6 12. Qxd6 Bxd6 13. Rxd6 Ke7 14. Rd2 b5 15.
Be2 Bb7 16. Rhd1 Rhd8 17. f4 Rxd2 18. Rxd2 Rc8 19. Bf3 Na5 20. Rd3 Nc4 21. b3 Na3 22. Kb2 b4 23. h4 a5 24. h5 Ba6 25.
Re3 Rd8 26. Nb1 Nxb1 27. Kxb1 Rd2 28. e5 Rf2 29. c4 Rf1+ 30. Kb2 a4 31. Re2 a3+ 32. Kc2 Ra1 33. Kd3 f6 34. Kd4 fxe5+ 35. fxe5 1-0

[Event "MCR rapid mládeže 2023 U16"]
[Site "Harachov, Czech Republic"]
[Date "2023.09.09"]
[Round "5.18"]
[White "Tejnor, Martin"]
[Black "Walder, Hugo"]
[Result "1-0"]
[TimeControl "20min+5s/move"]
[WhiteElo "1434"]
[BlackElo "1403"]

1. e4 e5 2. Nf3 Nc6 3.
Nc3 Nf6 4. d4 exd4 5. Nxd4 Bc5 6. Be3 Bxd4 7. Bxd4 Nxd4 8. Qxd4 d6 9. Bc4 O-O 10. O-O Bd7 11. Rad1 Re8 12. Rfe1 Bc6 13.
f3 Nd7 14. Bd5 Bxd5 15. Qxd5 Rb8 16. Ne2 Qf6 17. Qd4 Ne5 18. Nc3 Qg6 19. Re3 a6 20. b3 Re6 21. Nd5 Nc6 22. Qd2 Qh6 23.
Nxc7 Rg6 24. Nd5 Re8 25. Rd3 Qxd2 26. R3xd2 Ne5 27. Kf2 Kf8 28. Ne3 Rd8 29. Nf5 Rf6 30. Rxd6 Rdxd6 31. Rxd6 Rxd6 32.
Nxd6 b5 33. Ke3 Ke7 34. Nf5+ Kf6 35. h3 g6 36. Nd4 Ke7 37. f4 Nd7 38. Nc6+ Kd6 39. Nb4 Nc5 40. Kd4 1-0

[Event "MCR rapid mládeže 2023 U16"]
[Site "Harachov, Czech Republic"]
[Date "2023.09.09"]
[Round "5.19"]
[White "Artamonov, Mikhail"]
[Black "Sochor, Antonin"]
[Result "0-1"]
[TimeControl "20min+5s/move"]
[WhiteElo "1486"]
[BlackElo "1480"]

1. e4 e6 2. d4 d5 3.
Nc3 Bb4 4. Nge2 Nf6 5. Bg5 h6 6. Bxf6 Qxf6 7. e5 Qe7 8. a3 Ba5 9. b4 Bb6 10. Na4 Bd7 11. Nxb6 axb6 12. Nc3 c5 13.
bxc5 bxc5 14. Be2 cxd4 15. Qxd4 Nc6 16. Qf4 Rxa3 17. Rxa3 Qxa3 18. Nb5 Qa5+ 19. c3 O-O 20. O-O Nxe5 21.
Nd6 Qxc3 22. Nxb7 Ng6 23. Qd6 Bc6 24. Nc5 Be8 25. Bh5 Qe5 26. Qxe5 Nxe5 27. f4 Nd7 28. Nd3 Nf6 29. Bf3 Bb5 30.
Rd1 Bxd3 31. Rxd3 Rc8 32. Kf2 Ne4+ 33. Ke3 f5 34. g4 g6 35. h4 Kf7 36. g5 hxg5 37. hxg5 Ke7 38. Bg2 Kd6 39.
Bf3 Rc4 40. Bg2 e5 41. fxe5+ Kxe5 42. Bh1 Rc3 43. Bxe4 d4+ 44. Kd2 fxe4 45. Rxc3 dxc3+ 46. Kxc3 Kf4 47. Kd2 Kxg5 48. Ke1 Kf4 49. Kf2 e3+ 50. Ke1 Kf3 51.
Kf1 e2+ 52. Ke1 g5 53. Kd2 Kf2 0-1

[Event "MCR rapid mládeže 2023 U16"]
[Site "Harachov, Czech Republic"]
[Date "2023.09.09"]
[Round "5.20"]
[White "Boff, Ondrej"]
[Black "Babula, Tomas"]
[Result "1-0"]
[TimeControl "20min+5s/move"]
[WhiteElo "1486"]
[BlackElo "1266"]

1. e4 c5 2. Nf3 d6 3. Bb5+ Bd7 4. Bxd7+ Nxd7 5. c4 Ngf6 6. Nc3 g6 7. d4 cxd4 8. Nxd4 Bg7 9. Be3 O-O 10.
O-O Nb6 11. b3 Nfd7 12. Rc1 Rc8 13. Qd2 Nc5 14. Bh6 Qd7 15. Bxg7 Kxg7 16. Rfd1 Qg4 17. f3 Qd7 18. Qe3 a6 19.
Nc2 Qc7 20. Nb4 Nbd7 21. Ncd5 Qd8 22. Nd3 Nxd3 23. Qxd3 Kg8 24. Qe3 Rc6 25. Qa7 b5 26. cxb5 Rxc1 27. Rxc1 axb5 28. Rc7 Nf6 29.
Nxe7+ Kg7 30. Nc6 Qa8 31. Kf2 Rc8 32. Rxf7+ 1-0

[Event "MCR rapid mládeže 2023 U16"]
[Site "Harachov, Czech Republic"]
[Date "2023.09.09"]
[Round "5.21"]
[White "Zimovcak, Krystof"]
[Black "Kozdon, Marek"]
[Result "0-1"]
[TimeControl "20min+5s/move"]
[WhiteElo "1325"]
[BlackElo "1548"]

1. e4 c5 2. Nc3 e6 3. Bc4 a6 4. a4 Qc7 5. Nf3 b6 6. d3 Bb7 7. Be3 d6 8. d4 cxd4 9. Qxd4 Nd7 10.
Bb3 Ngf6 11. O-O Be7 12. Ng5 h6 13. Nf3 Rc8 14. Qd3 Nc5 15. Bxc5 Qxc5 16. Rae1 O-O 17. Nd4 Qe5 18. f4 Qc5 19.
Kh1 d5 20. exd5 Nxd5 21. Bxd5 Bxd5 22. Nxd5 Qxd5 23. b3 Rfd8 24. Rd1 Qb7 25. Qf3 Qxf3 26. Rxf3 Bf6 27. c3 Bxd4 28. cxd4 Rxd4 29.
Rb1 Rcd8 30. h3 Rd1+ 31. Rxd1 Rxd1+ 32. Kh2 Kf8 33. Rc3 Ke7 34. Rc6 Rd6 35. Rc7+ Kf6 36. Rb7 Rc6 37. h4 Rd6 38. g3 h5 39. Kg2 Kg6 40. Kf2 f6 41.
Ke3 a5 42. Ke4 Kh6 43. Ke3 Kh7 44. Kf3 Rc6 45. Kg2 Rd6 46. Kh2 Kg6 47. Kh3 e5 48. fxe5 fxe5 49. Rc7 Kf6 50. Kg2 g6 51.
Kf2 Kf5 52. Rc3 Kg4 53. Rc4+ Kf5 54. Ke2 e4 55. b4 axb4 56. Rxb4 Re6 0-1

[Event "MCR rapid mládeže 2023 U16"]
[Site "Harachov, Czech Republic"]
[Date "2023.09.09"]
[Round "5.22"]
[White "Krivka, Matej"]
[Black "Rudlof, Adam"]
[Result "0-1"]
[TimeControl "20min+5s/move"]
[WhiteElo "1552"]
[BlackElo "1436"]

1. e4 c5 2. Nf3 Nc6 3. d4 cxd4 4. Nxd4 g6 5. Nc3 Bg7 6. Be3 Nf6 7. Bc4 O-O 8. Bb3 d6 9. f3 Bd7 10. Qd2 Rc8 11. O-O-O Nxd4 12. Bxd4 b5 13. g4 a5 14. a4 b4 15. Nd5 Nxd5 16. exd5 Bxd4 17. Qxd4 Qe8 18. Rd3 Bxa4 19. h4 Bxb3 20.
Rxb3 Qa4 21. Rh2 Qxb3 0-1

[Event "MCR rapid mládeže 2023 U16"]
[Site "Harachov, Czech Republic"]
[Date "2023.09.09"]
[Round "5.23"]
[White "Nova, Anezka"]
[Black "Vancakova, Veronika"]
[Result "1/2-1/2"]
[TimeControl "20min+5s/move"]
[WhiteElo "1382"]
[BlackElo "1433"]

1. e4 d6 2. d4 Nf6 3. Nc3 g6 4.
f4 Bg7 5. Nf3 O-O 6. Bd3 Nc6 7. O-O e5 8. fxe5 dxe5 9. d5 Ne7 10. Ne2 Ne8 11. c4 h6 12. Bd2 f5 13. Bc3 Qd6 14.
Kh1 f4 15. b4 b6 16. c5 bxc5 17. bxc5 Qxc5 18. Bxe5 Bxe5 19. Nxe5 Qd6 20. Nc4 Qc5 21. Nxf4 Nd6 22. Rc1 Nxc4 23.
Rxc4 Qd6 24. Qd2 Ba6 25. Rc3 Bxd3 26. Rxd3 g5 27. Rg3 Ng6 28. Rc1 Qxf4 29. Qxf4 Rxf4 30. Kg1 Raf8 31. Re3 Re8 32.
Rxc7 Rfxe4 33. Rxe4 Rxe4 34. Rxa7 Rd4 35. Ra5 Nf4 36. Ra6 Rxd5 37. Rxh6 Rd2 38. g3 Ne2+ 39. Kf1 Kg7 40. Ra6 Nd4 41. h3 Rd3 42. Kf2 Nf5 43.
g4 Ne7 44. Ra7 Kf7 45. Kg2 Rd2+ 46. Kg3 Rd3+ 47. Kg2 1/2-1/2

[Event "MCR rapid mládeže 2023 U16"]
[Site "Harachov, Czech Republic"]
[Date "2023.09.09"]
[Round "5.24"]
[White "Kusova, Nikola"]
[Black "Kratka, Tereza"]
[Result "1/2-1/2"]
[TimeControl "20min+5s/move"]
[WhiteElo "1247"]
[BlackElo "1147"]

1. e4 c5 2. Nf3 Nc6 3. d4 cxd4 4. Nxd4 g6 5. Nc3 Bg7 6. Be3 Nf6 7. f3 O-O 8. Qd2 Qb6 9. O-O-O d6 10.
Ne6 Qa5 11. Nxf8 Kxf8 12. Kb1 Be6 13. g4 a6 14. h4 h5 15. gxh5 Nxh5 16. Bh6 b5 17. Bxg7+ Kxg7 18. Nd5 Qxd2 19.
Rxd2 Ne5 20. Be2 Ng3 21. Rhd1 Bxd5 22. exd5 Nxe2 23. Rxe2 Nxf3 24. Rxe7 Nxh4 25. Rf1 Nf5 26. Rb7 Rc8 27.
Ra7 Rc5 28. c3 Rxd5 29. Rxa6 Ne3 30. Re1 Nc4 31. Ra7 Rd3 32. Rae7 Rd2 33. b3 Na3+ 34. Kc1 Rxa2 35. R7e2 Rxe2 36.
Rxe2 b4 37. c4 Kf6 38. Rf2+ Ke6 39. Re2+ Kf6 40. Rf2+ Kg7 1/2-1/2

[Event "MCR rapid mládeže 2023 U16"]
[Site "Harachov, Czech Republic"]
[Date "2023.09.09"]
[Round "5.25"]
[White "Jakubse, Tamae Severina"]
[Black "Hujova, Tess"]
[Result "1-0"]
[TimeControl "20min+5s/move"]
[WhiteElo "1223"]
[BlackElo "1104"]

1. e4 e6 2. d4 b6 3. a3 Bb7 4. Nc3 c5 5. Nf3 cxd4 6. Nxd4 Bc5 7. Nb3 Be7 8. Bd3 Nf6 9. O-O O-O 10.
e5 Nd5 11. Nxd5 Bxd5 12. Qh5 g6 13. Qg4 Bxb3 14. cxb3 Nc6 15. f4 Nd4 16. b4 Nb3 17. Rb1 Nxc1 18. Rbxc1 h5 19. Qf3 Re8 20.
Qb7 Bf8 21. Rc7 Re7 22. Be4 d5 23. exd6 Rxc7 24. dxc7 Qc8 25. Qxa8 Qxa8 26. Bxa8 Bg7 27. c8=Q+ 1-0

[Event "MCR rapid mládeže 2023 U16"]
[Site "Harachov, Czech Republic"]
[Date "2023.09.09"]
[Round "5.26"]
[White "Stepankova, Linda"]
[Black "Strazhnyk, Viktoriia"]
[Result "1/2-1/2"]
[TimeControl "20min+5s/move"]
[WhiteElo "1124"]
[BlackElo "1392"]

1. e4 e6 2. d4 d5 3. exd5 exd5 4. Bd3 c5 5. c3 Nc6 6. Ne2 cxd4 7. Nxd4 Nxd4 8. cxd4 Bb4+ 9. Bd2 Bxd2+ 10. Qxd2 Qe7+ 11. Qe2 Qxe2+ 12. Bxe2 Bf5 13. O-O Nf6 14. Nc3 O-O 15. Rfe1 Rfe8 16. Bf3 Be4 17. Bxe4 dxe4 18. Rad1 Rad8 19. h3 a6 20. Kf1 h6 21.
Re3 Nd5 22. Nxd5 Rxd5 23. f3 f5 24. g4 g6 25. h4 h5 26. gxh5 gxh5 27. Rd2 Kf7 28. fxe4 fxe4 29. Ke1 Kf6 30.
a3 Kf5 31. Rg3 Kf4 32. Rg1 e3 33. Rd3 Re4 34. Ke2 Rexd4 35. Rxd4+ Rxd4 36. Rg5 Rd2+ 37. Ke1 Rxb2 38. Rxh5 Kf3 39.
Rf5+ Kg4 40. Re5 Kxh4 41. Rxe3 Kg4 42. Kd1 Kf4 43. Rc3 Rf2 44. Rb3 Rf3 45. Kc2 Rxb3 46. Kxb3 Ke5 47. Kc4 Kd6 48.
a4 Kc6 49. a5 Kd6 50. Kd4 Kc6 51. Kc4 b5+ 52. axb6 Kxb6 53. Kb4 a5+ 54. Ka4 Ka6 55. Kb3 Kb5 56. Ka3 a4 57. Kb2 Kb4 58. Ka2 a3 59. Kb1 Ka4 60.
Ka2 Kb4 61. Kb1 Ka4 62. Ka2 Kb4 63. Kb1 1/2-1/2

[Event "MCR rapid mládeže 2023 U16"]
[Site "Harachov, Czech Republic"]
[Date "2023.09.09"]
[Round "5.27"]
[White "Lackova, Lucie"]
[Black "Kadlecova, Alena"]
[Result "0-1"]
[TimeControl "20min+5s/move"]
[WhiteElo "1544"]
[BlackElo "1020"]

1. e4 e5 2. Nf3 Nf6 3. Nc3 Nc6 4. d4 exd4 5. Nxd4 Bc5 6. Be3 Bb4 7. f3 d5 8. Nxc6 bxc6 9. Bd4 dxe4 10. fxe4 O-O 11. Bxf6 Qxf6 12.
Qf3 Qh4+ 13. g3 Bxc3+ 14. bxc3 Qe7 15. Bg2 Qc5 16. Qd3 Be6 17. Qd4 Qh5 18. O-O Qe2 19. Qd3 Qh5 20. Qf3 Qc5+ 21.
Kh1 Rad8 22. Rfd1 Qe5 23. a3 a5 24. Rab1 a4 25. Rxd8 Rxd8 26. Rb4 Ra8 27. Rb7 h6 28. Qd3 Rc8 29.
Rb4 Qa5 30. Qd4 Ra8 31. e5 c5 32. Qd1 cxb4 33. Bxa8 Qxa8+ 34. Kg1 Qa7+ 35. Kf1 Qa6+ 36. Kg1 bxa3 37. Qa1 a2 38. Kf2 Qb6+ 39.
Ke2 Qb1 40. Qxb1 axb1=Q 41. Kd3 a3 42. h4 a2 43. c4 a1=Q 44.
Ke3 Qxc2 45. Kf3 Qa3+ 46. Kf4 Qf5# 0-1

[Event "MCR rapid mládeže 2023 U16"]
[Site "Harachov, Czech Republic"]
[Date "2023.09.09"]
[Round "5.28"]
[White "Katasonova, Olga"]
[Black "Janouskova, Eliska"]
[Result "0-1"]
[TimeControl "20min+5s/move"]
[WhiteElo "1176"]
[BlackElo "1333"]

1. e4 c5 2. d4 cxd4 3. c3 d3 4.
Bxd3 d6 5. Nf3 Nf6 6. Bf4 e6 7. Nbd2 Nc6 8. O-O Be7 9. Re1 O-O 10. e5 dxe5 11. Nxe5 Nxe5 12. Bxh7+ Nxh7 13. Bxe5 Bf6 14.
Bxf6 Nxf6 15. Qe2 Qc7 16. h3 b6 17. Ne4 Nxe4 18. Qxe4 Bb7 19. Qh4 Qc6 20. f3 Qc5+ 21. Kh2 Qf5 22.
Rac1 Rfd8 23. Re2 Rd7 24. Qf2 Qf4+ 25. Kg1 Qxc1+ 26. Kh2 Qf4+ 27. Kg1 Rd1+ 28. Re1 Rxe1+ 29. Qxe1 Rd8 30. Kf2 Qd2+ 31.
Kf1 Qc2 32. b4 Rd1 33. Qxd1 Qxd1+ 0-1

[Event "MCR rapid mládeže 2023 U16"]
[Site "Harachov, Czech Republic"]
[Date "2023.09.09"]
[Round "5.29"]
[White "Mauric, Jan"]
[Black "Fadrny, Jachym"]
[Result "0-1"]
[TimeControl "20min+5s/move"]
[WhiteElo "1260"]
[BlackElo "1347"]

1. d4 e6 2. Bf4 c5 3. e3 d5 4. Nf3 Nc6 5. Bb5 Nf6 6. Ne5 Bd7 7. Nxd7 Nxd7 8. c3 a6 9. Bxc6 bxc6 10.
Nd2 h5 11. Nf3 Be7 12. h4 cxd4 13. cxd4 Qa5+ 14. Kf1 Qb4 15. Qe2 Bd6 16. Bxd6 Qxd6 17. g3 c5 18. dxc5 Nxc5 19. Kg2 Ne4 20.
Rac1 O-O 21. Rc2 Rac8 22. Rxc8 Rxc8 23. Nd4 e5 24. Nb3 Qc6 25. Rc1 Qb7 26. Rxc8+ Qxc8 27. Qxh5 Qc2 28. Qf3 Qxb2 29.
Qf5 g6 30. Kh3 Qxa2 31. Qc8+ Kg7 32. Nc5 Nxf2+ 33. Kg2 Ne4+ 0-1

[Event "MCR rapid mládeže 2023 U16"]
[Site "Harachov, Czech Republic"]
[Date "2023.09.09"]
[Round "5.30"]
[White "Gernert , Tomas"]
[Black "Trejbal, Jindrich"]
[Result "1/2-1/2"]
[TimeControl "20min+5s/move"]
[WhiteElo "1236"]
[BlackElo "1088"]

1. e4 e5 2. Nf3 Nf6 3. Nc3 Bb4 4. d3 Nc6 5. Bd2 O-O 6. Be2 d5 7. exd5 Nxd5 8. Nxd5 Bxd2+ 9. Qxd2 Qxd5 10. O-O Nd4 11. Nxd4 exd4 12. Bf3 Qd6 13. Rfe1 Bd7 14. Re2 c6 15. Rae1 Rae8 16. h3 h6 17. g4 Rxe2 18. Rxe2 Re8 19. Qe1 Rxe2 20. Qxe2 Qe6 21. Qxe6 Bxe6 22. a3 Kf8 23. Be4 Ke7 24.
f4 Kd6 25. f5 Bd5 1/2-1/2